 Dungeon Crawl Stone Soup version 0.29-a0-25-g7f48f510a0 (webtiles) character file.

Game seed: 13279835688156134214

10 bromine the Skirmisher (level 2, -3/29 HPs)
             Began as a Gnoll Wanderer on Jan 31, 2022.
             Killed from afar by Natasha (4 damage)
             ... with a magic dart
             ... on level 1 of the Dungeon.
             The game lasted 00:04:01 (113 turns).

bromine the Skirmisher (Gnoll Wanderer)              Turns: 113, Time: 00:04:01

Health: -3/29      AC:  3    Str: 13    XL:     2   Next: 20%
Magic:  5/5        EV: 11    Int: 12    God:
Gold:   0          SH:  0    Dex:  8    Spells: 6/6 levels left

rFire   . . .      SeeInvis .   a - +0 club
rCold   . . .      Faith    .   (no shield)
rNeg    . . .      Spirit   .   b - +0 leather armour
rPois   .          Reflect  .   (no helmet)
rElec   .          Harm     .   (no cloak)
rCorr   .          Rampage  .   (no gloves)
Will    .....                   (no boots)
Stlth   +.........              (no amulet)
HPRegen 0.09/turn               (no ring)
MPRegen 0.09/turn               (no ring)

@: no status effects
A: fangs 1, strong nose, distributed training
a: no special abilities


You were on level 1 of the Dungeon.
You visited 1 branch of the dungeon, and saw 2 of its levels.

Inventory:

Hand Weapons
 a - a +0 club (weapon)
Armour
 b - a +0 leather armour (worn)


   Skills:
 + Level 6.4 Fighting
 + Level 0.3 Short Blades
 + Level 0.3 Long Blades
 + Level 0.3 Axes
 + Level 0.3 Maces & Flails
 + Level 0.3 Polearms
 + Level 0.3 Staves
 + Level 0.3 Slings
 + Level 0.3 Bows
 + Level 0.3 Crossbows
 + Level 2.4 Throwing
 + Level 2.4 Armour
 + Level 0.3 Dodging
 + Level 0.3 Stealth
 + Level 0.3 Shields
 + Level 0.3 Unarmed Combat
 + Level 2.7 Spellcasting
 + Level 0.2 Conjurations
 + Level 0.2 Hexes
 + Level 0.2 Summonings
 + Level 0.2 Necromancy
 + Level 5.3 Translocations
 + Level 0.2 Transmutations
 + Level 0.2 Fire Magic
 + Level 0.2 Ice Magic
 + Level 0.2 Air Magic
 + Level 0.2 Earth Magic
 + Level 2.0 Poison Magic
 + Level 0.4 Invocations
 + Level 0.3 Evocations


You had 6 spell levels left.
You didn't know any spells.
Your spell library contained the following spells:

 Spells                   Type           Power      Damage    Failure   Level
 Apportation              Tloc           28%        N/A       3%          1
 Blink                    Tloc           28%        N/A       5%          2
 Gell's Gravitas          Tloc           14%        N/A       11%         3
 Sting                    Tmut/Pois      16%        1d3       21%         1
 Spider Form              Tmut/Pois      4%         N/A       52%         3


Dungeon Overview and Level Annotations

Branches:
Dungeon (2/15)

Altars:

Annotations:
D:1 Natasha


Innate Abilities, Weirdness & Mutations

You have very sharp teeth.
Your uncanny sense of smell can sniff out nearby items.
Your experience applies equally to all skills.


Message History

There is a stone staircase leading up here.
You can't go down here!
Natasha claws you.
* * * LOW HITPOINT WARNING * * *
You climb upwards.
There is a stone staircase leading down here.
Natasha claws you.
* * * LOW HITPOINT WARNING * * *
You hit Natasha.
Natasha is moderately wounded.
Natasha misses you.
A frilled lizard comes into view.
Natasha claws you.
* * * LOW HITPOINT WARNING * * *
You miss Natasha. Your punch misses Natasha.
Natasha is moderately wounded.
Natasha claws you but does no damage.
You hit Natasha.
Natasha is moderately wounded.
Natasha barely misses you.
You hit Natasha but do no damage.
Natasha is moderately wounded.
Natasha closely misses you. x2
You hit Natasha.
Natasha is heavily wounded.
Natasha closely misses you.
You hit Natasha.
Natasha is severely wounded.
Natasha claws you.
* * * LOW HITPOINT WARNING * * *
You hit Natasha but do no damage.
Natasha is severely wounded.
The frilled lizard misses you. Natasha closely misses you.
The frilled lizard barely misses you.
You hit Natasha.
Natasha is severely wounded.
Natasha barely misses you. The frilled lizard closely misses you.
Natasha casts a spell at you. The magic dart hits you.
You die...

#...)).###...##.
................
.........†###.#
###...........#
#.........##..#####
...........##.....#
.....)........#...#
..............#...#
#...............@>#####
#.########.##...hl....##
. ∆ ..............#
....##.####.#### ....##.
.# .. .### .. . .. ...
...


You could see Natasha and a frilled lizard.

Vanquished Creatures
  A bat (D:1)
  An endoplasm (D:1)
  2 goblins (D:1)
  A hobgoblin (D:1)
  A kobold (D:1)
  A frilled lizard (D:1)
  2 rats
9 creatures vanquished.

Notes
Turn   | Place    | Note
-------+----------+-------------------------------------------
     0 | D:1      | bromine the Gnoll Wanderer began the quest for the Orb.
     0 | D:1      | bromine set off with the following items: a +0 club, a +0
                  | leather armour, a scroll of teleportation; and the
                  | following spells available to memorise: Apportation, Blink,
                  | Gell's Gravitas, Sting, Spider Form
     0 | D:1      | Reached XP level 1. HP: 23/23 MP: 4/4
    70 | D:1      | Reached XP level 2. HP: 19/29 MP: 5/5
    96 | D:2      | Noticed Natasha
   111 | D:1      | HP: 1/29 [Natasha (3)]
   113 | D:1      | Killed from afar by Natasha

Illustrated notes

Levels and vault maps discovered:
D:1:      dpeg_arrival_round_a, layout_rooms,
          chequers_ecumenical_altar_simple_redux, kennysheep_minor_cross,
          hangedman_abyss_or_decor_lesser_grid, minmay_distorted
D:2:      layout_rooms, uniq_natasha

Skill      XL: |  1 |
---------------+----+-----
Poison Magic   | 2 |  2.0
Fighting       | |  6.4
Short Blades   | |  0.3
Long Blades    | |  0.3
Axes           | |  0.3
Maces & Flails | |  0.3
Polearms       | |  0.3
Staves         | |  0.3
Slings         | |  0.3
Bows           | |  0.3
Crossbows      | |  0.3
Throwing       | |  2.4
Armour         | |  2.4
Dodging        | |  0.3
Stealth        | |  0.3
Shields        | |  0.3
Unarmed Combat | |  0.3
Spellcasting   | |  2.7
Conjurations   | |  0.2
Hexes          | |  0.2
Summonings     | |  0.2
Necromancy     | |  0.2
Translocations | |  5.3
Transmutations | |  0.2
Fire Magic     | |  0.2
Ice Magic      | |  0.2
Air Magic      | |  0.2
Earth Magic    | |  0.2
Invocations    | |  0.4
Evocations     | |  0.3

Action                   || total
-------------------------++-------
Melee: Club              ||    42
       Bite              ||     3
  Use: Scroll            ||     1
Armor: Leather armour    ||    17
Dodge: Dodged            ||    37

Table legend: (Time is in decaauts)
 A = Elapsed time spent in this place.
 B = Non-inter-level travel time spent in this place.
 C = Inter-level travel time spent in this place.
 D = Time resting spent in this place.
 E = Time spent auto-exploring this place.
 F = Levels seen in this place.
 G = Mean time per level.
                   A        B        C        D        E       F      G
               +--------+--------+--------+--------+--------+-----+--------+
         Total |    125 |    121 |      4 |      0 |      0 |   2 |   62.5 |
       Dungeon |    125 |    121 |      4 |      0 |      0 |   2 |   62.5 |
               +--------+--------+--------+--------+--------+-----+--------+

Top non-repeatable levels by time:
     D:1: 112 daAuts
     D:2: 13 daAuts
